 Dungeon Crawl Stone Soup version 0.31.0-11-ge490571c62 (webtiles) character file.

Game seed: 17077750722783003633

1055 dialectric the Covered (level 8, -2/61 HPs)
             Began as a Demonspawn Fighter on Feb 4, 2024.
             Was a Believer of Qazlal.
             Splashed by a jelly's acid (10 damage)
             ... on level 6 of the Dungeon.
             The game lasted 00:05:16 (4381 turns).

dialectric the Covered (Demonspawn Fighter)         Turns: 4381, Time: 00:05:16

Health: -2/61      AC: -4    Str: 20    XL:     8   Next: 5%
Magic:  8/8        EV: 10    Int:  8    God:    Qazlal [**....]
Gold:   276        SH:  3    Dex: 16    Spells: 7/7 levels left

rFire   . . .        a - +0 trident
rCold   . . .        (no shield)
rNeg    . . .        b - +0 scale mail
rPois   .            (no helmet)
rElec   .            (no cloak)
rCorr   .            (no gloves)
SInv    .            (no boots)
Will    .....        (no amulet)
Stlth   ++           (no ring)
HPRegen 0.30/turn    (no ring)
MPRegen 0.11/turn

%: no passive effects
@: corroded
A: claws 1, thin skeletal structure 2, foul stench 2
a: Renounce Religion, Upheaval


You were on level 6 of the Dungeon.
You worshipped Qazlal.
Qazlal was pleased with you.
You visited 1 branch of the dungeon, and saw 6 of its levels.

You collected 277 gold pieces.
You spent 1 gold pieces at shops.

Inventory:

Hand Weapons
 a - a +0 trident (weapon)
 q - a -2 hand cannon
Missiles
 i - 14 poisoned darts (quivered)
Armour
 b - a +0 scale mail (worn)
 c - a +0 buckler
Jewellery
 n - a ring of fire
Scrolls
 e - 3 scrolls of identify {unknown}
 g - a scroll of butterflies {unknown}
 h - a scroll of fog {unknown}
 j - a scroll of teleportation {unknown}
 l - a scroll of poison {unknown}
 o - a scroll of blinking {unknown}
 p - a scroll of enchant armour {unknown}
Potions
 d - a potion of magic {unknown}
 f - a potion of mutation {unknown}
 k - a potion of haste
 m - a potion of curing {unknown}


   Skills:
 + Level 4.8 Fighting
 + Level 5.6 Polearms
 + Level 5.6 Armour
 + Level 1.9 Dodging
 - Level 3.1 Shields


You had 7 spell levels left.
You didn't know any spells.
Your spell library contained the following spells:

 Spells                   Type           Power      Damage    Failure   Level
 Mercury Vapours          Alch/Air       0%         N/A       86%         2
 Mephitic Cloud           Conj/Alch/Air  0%         N/A       98%         3
 Freezing Cloud           Conj/Ice/Air   0%         6-21      100%        5


Dungeon Overview and Level Annotations

Branches:
Dungeon (6/15)             Temple (0/1) D:4

Altars:
Qazlal

Shops:
D:5 *   D:6 :


Innate Abilities, Weirdness & Mutations

You have sharp fingernails.
You have a moderately thin skeletal structure. (Dex +4, Stealth++)
You sometimes emit foul miasma when damaged in melee.


Message History

Found a whip.
Found a rapier.
A jelly comes into view.
A jelly is nearby!
A jelly is nearby!
The jelly quivers.
You reach to attack!
You puncture the jelly!
The jelly is moderately wounded.
You barely miss the jelly.
The jelly is moderately wounded.
The jelly barely misses you.
You completely miss the jelly.
The jelly is moderately wounded.
The jelly misses you.
You hit the jelly but do no damage. The acid corrodes you!
Your claws burn!
The jelly is moderately wounded.
The jelly hits you. The acid corrodes you!
You are splashed with acid!
You hit the jelly.
Your claws burn!
The jelly is heavily wounded.
You block the jelly's attack.
You barely miss the jelly.
The jelly is heavily wounded.
The jelly hits you.
You are splashed with acid!
You emit a cloud of foul miasma!
You are too injured to fight recklessly!
Unknown command.
You hit the jelly. The acid corrodes you!
Your claws burn!
The jelly is heavily wounded.
The jelly is engulfed in dark miasma.
The jelly hits you.
* * * LOW HITPOINT WARNING * * *
You are splashed with acid.
* * * LOW HITPOINT WARNING * * *
You hit the jelly but do no damage.
Your claws burn!
* * * LOW HITPOINT WARNING * * *
The jelly is severely wounded.
The jelly is engulfed in dark miasma.
The jelly is poisoned.
The jelly hits you.
* * * LOW HITPOINT WARNING * * *
The acid corrodes you!
You are splashed with acid!
You die...

.#####+#...........
#..........⌠....).)..
#............##.##...
#...####..####...##+#
##...#..#..# #...# #
.....#.....# +...# #
#..####..########
#.J............
#####)@#..####..##
...)..○............
#######.#..#.######
......#... ###....#
.#.# .....# .# .
#.)...# # #.....# #..
..#


You could see a jelly (poisoned).

Vanquished Creatures
  2 ogres
  A phantom (D:6)
  A bullfrog (D:6)
  3 scorpions
  2 howler monkeys
  A bombardier beetle (D:3)
  3 hounds
  An orc priest (D:3)
  Terence (D:3)
  2 iguanas (D:4)
  2 orc wizards (D:5)
  7 gnolls
  2 adders (D:2)
  3 dart slugs
  4 ribbon worms
  12 orcs
  15 bats
  8 endoplasms
  3 giant cockroaches
  11 goblins
  10 hobgoblins
  9 kobolds
  3 quokkas (D:2)
  7 ball pythons
  8 rats
121 creatures vanquished.

Notes
Turn   | Place    | Note
-------+----------+-------------------------------------------
     0 | D:1      | dialectric the Demonspawn Fighter began the quest for the
                  | Orb.
     0 | D:1      | Reached XP level 1. HP: 18/18 MP: 1/1
    93 | D:1      | Gained mutation: You have sharp fingernails. [demonic
                  | ancestry]
    93 | D:1      | Reached XP level 2. HP: 20/24 MP: 2/2
   440 | D:2      | Gained mutation: You have a somewhat thin skeletal
                  | structure. (Dex +2, Stealth+) [demonic ancestry]
   440 | D:2      | Reached XP level 3. HP: 29/29 MP: 3/3
  1025 | D:1      | Gained mutation: You may rarely emit foul miasma when
                  | damaged in melee. [demonic ancestry]
  1025 | D:1      | Reached XP level 4. HP: 33/35 MP: 4/4
  1613 | D:3      | Reached XP level 5. HP: 3/42 MP: 5/5
  1762 | D:3      | Noticed Terence
  1774 | D:3      | Killed Terence
  1867 | D:3      | Found a faded altar of an unknown god.
  2061 | D:3      | Prayed at the altar of an unknown god.
  2061 | D:3      | Became a worshipper of Qazlal Stormbringer
  2061 | D:3      | Reached * piety under Qazlal
  2566 | D:4      | Noticed an ogre
  2575 | D:4      | Killed an ogre
  2576 | D:4      | Reached XP level 6. HP: 28/48 MP: 6/6
  3180 | D:4      | Found a staircase to the Ecumenical Temple.
  3303 | D:5      | Entered Level 5 of the Dungeon
  3303 | D:5      | Found Xoim's Lightly-Used Armoury.
  3314 | D:4      | Reached skill level 1 in Dodging
  3387 | D:5      | Bought a -2 hand cannon for 1 gold piece
  3402 | D:5      | Reached ** piety under Qazlal
  3411 | D:5      | Gained mutation: You sometimes emit foul miasma when
                  | damaged in melee. [demonic ancestry]
  3411 | D:5      | Reached XP level 7. HP: 40/55 MP: 7/7
  3522 | D:5      | Reached skill level 5 in Polearms
  3734 | D:5      | Reached skill level 5 in Armour
  4206 | D:6      | Found Yvacweli's Self-Improvement Boutique.
  4296 | D:6      | Gained mutation: You have a moderately thin skeletal
                  | structure. (Dex +4, Stealth++) [demonic ancestry]
  4296 | D:6      | Reached XP level 8. HP: 29/61 MP: 8/8
  4381 | D:6      | Splashed by a jelly's acid

Illustrated notes

Levels and vault maps discovered:
D:1:      dpeg_arrival_arbitrary_b, layout_basic, nrook_campfire
D:2:      layout_basic
D:3:      layout_basic, shapermc_ecumenical_altar_pompeii, minmay_surrounded,
          uniq_terence
D:4:      layout_cave_pools, minmay_temple_entry_nine_rooms
D:5:      layout_cave_pools, minmay_shop_damaged
D:6:      corexii_shack_village, layout_basic, grunt_gozag_statues,
          nicolae_shop_self_help

Skill      XL: |  1  2  3  4  5  6  7 |
---------------+----------------------+-----
Armour         | 3 4 5 |  5.6
Shields        | 3 |  3.1
Polearms       | 2 3 4 5 |  5.6
Fighting       | 4 |  4.8
Dodging        | 1 |  1.9

Action                     |  1- 3 |  4- 6 |  7- 9 || total
---------------------------+-------+-------+-------++-------
  Melee: Trident           |   113 |   186 |   100 ||   399
         Punch             |     1 |       |     2 ||     3
   Fire: Hand cannon       |       |     3 |       ||     3
    Use: Potion            |       |     1 |     1 ||     2
 Armour: Scale mail        |    85 |   134 |    94 ||   313
  Dodge: Dodged            |    56 |    88 |    44 ||   188
  Block: Other             |       |       |    15 ||    15
